 Dungeon Crawl Stone Soup version 0.30-a0-585-g93115170b9 (webtiles) character file.

Game seed: 4207554338818583950

38 bande the Shield-Bearer (level 3, 0/23 HPs)
             Began as a Gargoyle Fighter on Jan 2, 2023.
             Slain by Sigmund
             ... wielding a +0 scythe
              (6 damage)
             ... on level 2 of the Dungeon.
             The game lasted 00:02:32 (1076 turns).

bande the Shield-Bearer (Gargoyle Fighter)          Turns: 1076, Time: 00:02:33

Health: 0/23       AC: 11    Str: 19    XL:     3   Next: 43%
Magic:  3/3        EV:  9    Int:  8    God:
Gold:   41         SH:  4    Dex: 11    Spells: 2/2 levels left

rFire   . . .      SeeInvis .    a - +0 war axe
rCold   . . .      Faith    .    c - +0 buckler
rNeg    + . .      Spirit   .    b - +0 scale mail
rPois   ∞          Reflect  .    (no helmet)
rElec   +          Harm     .    (no cloak)
rCorr   .          Rampage  .    (no gloves)
Will    .....                    e - +0 pair of boots Stlth
                                 (no amulet)
HPRegen 0.23/turn                (no ring)
MPRegen 0.08/turn                (no ring)

@: no status effects
A: sickness immunity, AC +3, negative energy resistance 1, electricity
resistance, torment resistance 1, petrification resistance
a: no special abilities


You were on level 2 of the Dungeon.
You visited 1 branch of the dungeon, and saw 2 of its levels.

You collected 41 gold pieces.

Inventory:

Hand Weapons
 a - a +0 war axe (weapon)
 f - a +0 war axe
Armour
 b - a +0 scale mail (worn)
 c - a +0 buckler (worn)
 e - a +0 pair of boots (worn)
Jewellery
 h - a +6 ring of intelligence
Scrolls
 g - 2 scrolls of vulnerability {unknown}
 j - 2 scrolls of identify {unknown}
 k - a scroll of poison {unknown}
Potions
 d - a potion of might
 i - a potion of degeneration {unknown}


   Skills:
 + Level 3.6 Fighting
 + Level 2.2 Axes
 + Level 3.6 Armour
 - Level 0.1 Dodging
 + Level 3.8 Shields


You had 2 spell levels left.
You didn't know any spells.
Your spell library was empty.

Dungeon Overview and Level Annotations

Branches:
Dungeon (2/15)

Altars:
Xom

Shops:
D:1 [![

Annotations:
D:2 Sigmund


Innate Abilities, Weirdness & Mutations

You are immune to sickness and miasma.
Your stone body is resilient. (AC +3)
You are immune to poison.
You resist negative energy. (rN+)
You are resistant to electric shocks. (rElec)
You are resistant to unholy torment.
You are immune to petrification.


Message History

You are too confused!
You are too confused!
You bump into the rock wall.
You're too confused to move!
Sigmund gestures wildly while chanting.
Sigmund flickers and vanishes!
Deactivating autopickup; reactivate with Ctrl-A.
You barely miss something. Something hits you.
You bump into the rock wall.
Something hits you.
You miss something.
You feel less confused. Something hits you but does no damage.
You barely miss something. Something hits you.
You closely miss something.
You hear some strange, mumbled words.
You are confused.
You bump into the rock wall.
You hear some strange, mumbled words.
A puff of flame appears from out of thin air!
The puff of flame hits you but does no damage.
Something hits you but does no damage.
You bump into the rock wall.
Something hits you but does no damage.
You completely miss something. Something hits you but does no damage.
You bump into the rock wall.
Something hits you.
You bump into the rock wall.
You feel less confused. Something hits you but does no damage.
You barely miss something. Something hits you.
You barely miss something. Something hits you.
* * * LOW HITPOINT WARNING * * *
You barely miss something. You closely miss something.
Something hits you but does no damage.
You miss something. Something hits you.
* * * LOW HITPOINT WARNING * * *
You closely miss something.
You hear some strange, mumbled words.
A magic dart appears from out of thin air!
The magic dart hits you but does no damage.
Something hits you.
You die...

#.#..##.#####...###.#.######.
#.#..##.#.....#####.#.#
#.#..##.#...........#.#
#.#..##.#..#........#.######.#
###.#..##.......................
.............########.#.######.#
###.#..#####. #......#.#
....#..# #.######.# .####..# #@#
#.# .......# #{# #.# .####.##
#g# #.# .####.### #S# #.#
.##...#.. ... .##.###.# #..
.##.# #.# #.. .##.###.### #...
.........<#


You could see a goblin and a ball python.

Vanquished Creatures
  3 endoplasms (D:1)
  A giant cockroach (D:1)
  5 goblins (D:1)
  3 hobgoblins (D:1)
  3 jackals (D:1)
  2 quokkas (D:1)
  3 ball pythons (D:1)
  3 bats (D:1)
  2 frilled lizards (D:1)
  7 kobolds (D:1)
  3 rats (D:1)
35 creatures vanquished.

Notes
Turn   | Place    | Note
-------+----------+-------------------------------------------
     0 | D:1      | bande the Gargoyle Fighter began the quest for the Orb.
     0 | D:1      | Reached XP level 1. HP: 14/14 MP: 1/1
   212 | D:1      | Reached XP level 2. HP: 19/19 MP: 2/2
   382 | D:1      | Reached XP level 3. HP: 13/23 MP: 3/3
   590 | D:1      | Found Uchav's Distillery.
   725 | D:1      | Found Wiqyl's Antique Armour Emporium.
   876 | D:1      | Found Haubuhae's Antique Armour Shoppe.
  1029 | D:2      | Found a shimmering altar of Xom.
  1049 | D:2      | Noticed Sigmund
  1076 | D:2      | Slain by Sigmund

Illustrated notes

Levels and vault maps discovered:
D:1:      minmay_arrival_arboretum_small, layout_loops_ring, serial_shops,
          nicolae_lakefront_shop, shop,
          nicolae_shop_temple_entry_statues_fountains
D:2:      layout_basic, serial_shops, nicolae_shop_trees, basic_altar,
          nrook_campfire, minmay_heptomino_d4, uniq_sigmund, uniq_robin

Skill      XL: |  1  2 |
---------------+-------+-----
Axes           | 2 |  2.2
Fighting       | |  3.6
Armour         | |  3.6
Dodging        | |  0.1
Shields        | |  3.8

Action                   || total
-------------------------++-------
Melee: War axe           ||   114
Armor: Scale mail        ||    65
Dodge: Dodged            ||    72
Block: Buckler           ||    39

Table legend: (Time is in decaauts)
 A = Elapsed time spent in this place.
 B = Non-inter-level travel time spent in this place.
 C = Inter-level travel time spent in this place.
 D = Time resting spent in this place.
 E = Time spent auto-exploring this place.
 F = Levels seen in this place.
 G = Mean time per level.
                   A        B        C        D        E       F      G
               +--------+--------+--------+--------+--------+-----+--------+
         Total |   1125 |   1125 |      0 |    264 |    553 |   2 |  562.5 |
       Dungeon |   1125 |   1125 |      0 |    264 |    553 |   2 |  562.5 |
               +--------+--------+--------+--------+--------+-----+--------+

Top non-repeatable levels by time:
     D:1: 1014 daAuts
     D:2: 110 daAuts
